| TOP OF THE 1ST |
|
Detroit Tigers batting - Pitching for Kansas City Royals : LHP Frank Viola
|
|
Pitching: LHP Frank Viola
|
|
|
Batting: SHB Lee Mazzilli
|
0-0: Called Strike 0-1: Ball 1-1: Fly out, F7 (Flyball, 7D, EV 76.9 MPH)
|
|
Batting: RHB Rusty Tillman
|
0-0: Swinging Strike 0-1: Called Strike 0-2: Strikes out swinging
|
|
Batting: SHB Tony Phillips
|
0-0: Called Strike 0-1: Ball 1-1: SINGLE (Line Drive, 7S, EV 98.8 MPH)
|
|
Batting: RHB Keith Moreland
|
0-0: 2-RUN HOME RUN (Flyball, 78XD, EV 109.4 MPH), Distance : 421 ft
|
|
Batting: RHB Larry Parrish
|
0-0: Called Strike 0-1: Fly out, F9 (Line Drive, 9, EV 88.8 MPH)
|
| Top of the 1st over - 2 runs, 2 hits, 0 errors, 0 left on base; Detroit 2 - Kansas City 0 |
| BOTTOM OF THE 1ST |
|
Kansas City Royals batting - Pitching for Detroit Tigers : RHP Matt Wiseman
|
|
Pitching: RHP Matt Wiseman
|
|
|
Batting: RHB Rickey Henderson
|
0-0: Called Strike 0-1: Swinging Strike 0-2: Ball 1-2: Ball 2-2: Foul Ball, location: 2F 2-2: Strikes out swinging
|
|
Batting: LHB Gene Richards
|
0-0: Ball 1-0: Swinging Strike 1-1: Ball 2-1: Swinging Strike 2-2: Strikes out swinging
|
|
Batting: RHB Bob Horner
|
0-0: Called Strike 0-1: Ground out 6-3 (Groundball, 6MS, EV 70.6 MPH)
|
| Bottom of the 1st over - 0 runs, 0 hits, 0 errors, 0 left on base; Detroit 2 - Kansas City 0 |
| TOP OF THE 2ND |
|
Detroit Tigers batting - Pitching for Kansas City Royals : LHP Frank Viola
|
|
Batting: LHB Greg Brock
|
0-0: Swinging Strike 0-1: SINGLE (Groundball, 4MD, EV 103.8 MPH)
|
|
Batting: RHB Andre Thornton
|
0-0: Ball 1-0: Grounds into double play, 5-4-3 (Groundball, 56S, EV 92.5 MPH)
|
|
Batting: RHB Rusty Kuntz
|
0-0: Foul Ball, location: 2F 0-1: Ground out U3 (Groundball, 34, EV 83.8 MPH)
|
| Top of the 2nd over - 0 runs, 1 hit, 0 errors, 0 left on base; Detroit 2 - Kansas City 0 |
| BOTTOM OF THE 2ND |
|
Kansas City Royals batting - Pitching for Detroit Tigers : RHP Matt Wiseman
|
|
Batting: RHB Gary Carter
|
0-0: Fly out, F8 (Flyball, 78S, EV 71.9 MPH)
|
|
Batting: RHB Lloyd McClendon
|
0-0: Ball 1-0: Foul Ball, location: 2F 1-1: Ground out 6-3 (Groundball, 6, EV 90.0 MPH)
|
|
Batting: RHB Jeffrey Leonard
|
0-0: Ball 1-0: Foul Ball, location: 2F 1-1: Foul Ball, location: 2F 1-2: Strikes out looking
|
| Bottom of the 2nd over - 0 runs, 0 hits, 0 errors, 0 left on base; Detroit 2 - Kansas City 0 |
| TOP OF THE 3RD |
|
Detroit Tigers batting - Pitching for Kansas City Royals : LHP Frank Viola
|
|
Batting: RHB Mike Sproles
|
0-0: Ball 1-0: Called Strike 1-1: Foul Ball, location: 2F 1-2: Ground out 6-3 (Groundball, 56D, EV 80.0 MPH)
|
|
Batting: SHB Lee Mazzilli
|
0-0: Foul Ball, location: 2F 0-1: Fly out, F9 (Flyball, 9LS, EV 98.1 MPH)
|
|
Batting: RHB Rusty Tillman
|
0-0: SINGLE (Line Drive, 9S, EV 106.3 MPH)
|
|
Batting: SHB Tony Phillips
|
0-0: Ball 1-0: Ball 2-0: Ball 3-0: Called Strike 3-1: Fly out, F8 (Flyball, 8RD, EV 109.4 MPH)
|
| Top of the 3rd over - 0 runs, 1 hit, 0 errors, 1 left on base; Detroit 2 - Kansas City 0 |
| BOTTOM OF THE 3RD |
|
Kansas City Royals batting - Pitching for Detroit Tigers : RHP Matt Wiseman
|
|
Batting: LHB Rick Manning
|
0-0: Ball 1-0: Fly out, F4 (Flyball, 4D, EV 96.3 MPH)
|
|
Batting: LHB Alvin Davis
|
0-0: Called Strike 0-1: Bunt for hit to 2R - play at first, batter safe!
|
|
Batting: RHB Alberto Gonzalez
|
0-0: Ball 1-0: Foul Ball, location: 2F 1-1: Ball 2-1: Ball 3-1: Called Strike 3-2: Foul Ball, location: 2F 3-2: Fly out, F8 (Line Drive, 8LD, EV 108.8 MPH)
|
|
Batting: RHB Rickey Henderson
|
0-0: Called Strike 0-1: Foul Ball, location: 2F 0-2: Ball 1-2: Fly out, F8 (Flyball, 89D, EV 100.0 MPH)
|
| Bottom of the 3rd over - 0 runs, 1 hit, 0 errors, 1 left on base; Detroit 2 - Kansas City 0 |
| TOP OF THE 4TH |
|
Detroit Tigers batting - Pitching for Kansas City Royals : LHP Frank Viola
|
|
Batting: RHB Keith Moreland
|
0-0: Called Strike 0-1: Ball 1-1: Fly out, F6 (Popup, 6S, EV 68.1 MPH)
|
|
Batting: RHB Larry Parrish
|
0-0: Called Strike 0-1: Ball 1-1: DOUBLE (Line Drive, 78D, EV 108.8 MPH)
|
|
Batting: LHB Greg Brock
|
0-0: Called Strike 0-1: Called Strike Larry Parrish steals 3rd base 0-2: Ball 1-2: Ball 2-2: Foul Ball, location: 2F 2-2: Ball 3-2: Fly out, F7 (Flyball, 78S, EV 87.5 MPH) Runner from 3rd tags up, SCORES, throw by LF
|
|
Batting: RHB Andre Thornton
|
0-0: Foul Ball, location: 2F 0-1: Ball 1-1: Called Strike 1-2: Ground out 6-3 (Groundball, 56D, EV 83.8 MPH)
|
| Top of the 4th over - 1 run, 1 hit, 0 errors, 0 left on base; Detroit 3 - Kansas City 0 |
| BOTTOM OF THE 4TH |
|
Kansas City Royals batting - Pitching for Detroit Tigers : RHP Matt Wiseman
|
|
Batting: LHB Gene Richards
|
0-0: Called Strike 0-1: Foul Ball, location: 2F 0-2: Strikes out swinging
|
|
Batting: RHB Bob Horner
|
0-0: Called Strike 0-1: Ground out 5-3 (Groundball, 56S, EV 70.6 MPH)
|
|
Batting: RHB Gary Carter
|
0-0: SOLO HOME RUN (Flyball, 7D, EV 97.5 MPH), Distance : 373 ft
|
|
Batting: RHB Lloyd McClendon
|
0-0: Ball 1-0: Ball 2-0: Foul Ball, location: 2F 2-1: Foul Ball, location: 2F 2-2: Foul Ball, location: 2F 2-2: Foul Ball, location: 2F 2-2: Ball 3-2: Fly out, F2 (Popup, 13S, EV 81.9 MPH)
|
| Bottom of the 4th over - 1 run, 1 hit, 0 errors, 0 left on base; Detroit 3 - Kansas City 1 |
| TOP OF THE 5TH |
|
Detroit Tigers batting - Pitching for Kansas City Royals : LHP Frank Viola
|
|
Batting: RHB Rusty Kuntz
|
0-0: Called Strike 0-1: Fly out, F9 (Line Drive, 9, EV 100.6 MPH)
|
|
Batting: RHB Mike Sproles
|
0-0: Ball 1-0: Fly out, F7 (Line Drive, 7, EV 103.1 MPH)
|
|
Batting: SHB Lee Mazzilli
|
0-0: Ball 1-0: Ground out 4-3 (Groundball, 4, EV 78.8 MPH)
|
| Top of the 5th over - 0 runs, 0 hits, 0 errors, 0 left on base; Detroit 3 - Kansas City 1 |
| BOTTOM OF THE 5TH |
|
Kansas City Royals batting - Pitching for Detroit Tigers : RHP Matt Wiseman
|
|
Batting: RHB Jeffrey Leonard
|
0-0: Called Strike 0-1: Ground out 6-3 (Groundball, 6M, EV 80.6 MPH)
|
|
Batting: LHB Rick Manning
|
0-0: Foul Ball, location: 2F 0-1: Called Strike 0-2: Foul Ball, location: 2F 0-2: Ball 1-2: Foul Ball, location: 2F 1-2: Ball 2-2: Fly out, F9 (Flyball, 9, EV 88.1 MPH)
|
|
Batting: LHB Alvin Davis
|
0-0: Ball 1-0: SOLO HOME RUN (Flyball, 9D, EV 100.6 MPH), Distance : 370 ft
|
|
Batting: RHB Alberto Gonzalez
|
0-0: Ball 1-0: Foul Ball, location: 2F 1-1: SINGLE (Flyball, 56D, EV 92.5 MPH)
|
|
Batting: RHB Rickey Henderson
|
0-0: SINGLE (Groundball, 56, EV 101.9 MPH) (infield hit) Alberto Gonzalez to second
|
|
Batting: LHB Gene Richards
|
0-0: Ball 1-0: Swinging Strike 1-1: Foul Ball, location: 2F 1-2: Foul Ball, location: 2F 1-2: Ball 2-2: Ball 3-2: Strikes out swinging
|
| Bottom of the 5th over - 1 run, 3 hits, 0 errors, 2 left on base; Detroit 3 - Kansas City 2 |
| TOP OF THE 6TH |
|
Detroit Tigers batting - Pitching for Kansas City Royals : LHP Frank Viola
|
|
Batting: RHB Rusty Tillman
|
0-0: SINGLE (Line Drive, 7S, EV 96.3 MPH)
|
|
Batting: SHB Tony Phillips
|
0-0: Grounds into double play, 5-4-3 (Groundball, 56, EV 107.5 MPH)
|
|
Batting: RHB Keith Moreland
|
0-0: Called Strike 0-1: Ball 1-1: Foul Ball, location: 2F 1-2: Strikes out looking
|
| Top of the 6th over - 0 runs, 1 hit, 0 errors, 0 left on base; Detroit 3 - Kansas City 2 |
| BOTTOM OF THE 6TH |
|
Kansas City Royals batting - Pitching for Detroit Tigers : RHP Matt Wiseman
|
|
Batting: RHB Bob Horner
|
0-0: Ball 1-0: Swinging Strike 1-1: Fly out, F4 (Popup, 34, EV 75.6 MPH)
|
|
Batting: RHB Gary Carter
|
0-0: Called Strike 0-1: Ground out 6-3 (Groundball, 6MD, EV 88.1 MPH)
|
|
Batting: RHB Lloyd McClendon
|
0-0: Ball 1-0: Ball 2-0: Swinging Strike 2-1: Ball 3-1: Base on Balls
|
|
Batting: RHB Jeffrey Leonard
|
0-0: Ball 1-0: Called Strike 1-1: Ball 2-1: Foul Ball, location: 2F 2-2: Strikes out swinging
|
| Bottom of the 6th over - 0 runs, 0 hits, 0 errors, 1 left on base; Detroit 3 - Kansas City 2 |
| TOP OF THE 7TH |
|
Detroit Tigers batting - Pitching for Kansas City Royals : LHP Frank Viola
|
|
Batting: RHB Larry Parrish
|
0-0: Called Strike 0-1: Ball 1-1: Fly out, F7 (Flyball, 7LM, EV 107.5 MPH)
|
|
Batting: LHB Greg Brock
|
0-0: Fly out, F9 (Flyball, 9S, EV 83.1 MPH)
|
|
Batting: RHB Andre Thornton
|
0-0: Ball 1-0: Called Strike 1-1: Foul Ball, location: 2F 1-2: Foul Ball, location: 2F 1-2: Ground out 6-3 (Groundball, 6D, EV 95.6 MPH)
|
| Top of the 7th over - 0 runs, 0 hits, 0 errors, 0 left on base; Detroit 3 - Kansas City 2 |
| BOTTOM OF THE 7TH |
|
Kansas City Royals batting - Pitching for Detroit Tigers : RHP Matt Wiseman
|
|
Batting: LHB Rick Manning
|
0-0: Called Strike 0-1: Ball 1-1: Called Strike 1-2: Fly out, F5 (Popup, 5F, EV 67.5 MPH)
|
|
Batting: LHB Alvin Davis
|
0-0: Called Strike 0-1: Ball 1-1: Ball 2-1: Foul Ball, location: 2F 2-2: Ball 3-2: Ground out U3 (Groundball, 34S, EV 79.4 MPH)
|
|
Batting: RHB Alberto Gonzalez
|
0-0: Ball 1-0: DOUBLE (Line Drive, 7LS, EV 107.5 MPH)
|
|
Pitching: RHP Santo Alcala
|
|
|
Batting: RHB Rickey Henderson
|
0-0: Ball 1-0: Called Strike 1-1: Called Strike 1-2: Foul Ball, location: 2F 1-2: Strikes out swinging, 2-3 out at first.
|
| Bottom of the 7th over - 0 runs, 1 hit, 0 errors, 1 left on base; Detroit 3 - Kansas City 2 |
| TOP OF THE 8TH |
|
Detroit Tigers batting - Pitching for Kansas City Royals : LHP Frank Viola
|
|
Batting: RHB Rusty Kuntz
|
0-0: Called Strike 0-1: Foul Ball, location: 2F 0-2: Fly out, F7 (Line Drive, 7, EV 96.9 MPH)
|
|
Batting: RHB Mike Sproles
|
0-0: Ball 1-0: Ground out U3 (Groundball, 34, EV 83.8 MPH)
|
|
Batting: SHB Lee Mazzilli
|
0-0: Ball 1-0: Called Strike 1-1: Ground out 6-3 (Groundball, 56, EV 86.3 MPH)
|
| Top of the 8th over - 0 runs, 0 hits, 0 errors, 0 left on base; Detroit 3 - Kansas City 2 |
| BOTTOM OF THE 8TH |
|
Kansas City Royals batting - Pitching for Detroit Tigers : RHP Santo Alcala
|
|
Batting: LHB Gene Richards
|
0-0: Fly out, F6 (Popup, 6, EV 68.1 MPH)
|
|
Batting: RHB Bob Horner
|
0-0: SINGLE (Groundball, 6MD, EV 101.3 MPH) (infield hit)
|
|
Batting: RHB Gary Carter
|
0-0: Foul Ball, location: 2F 0-1: Fly out, F9 (Flyball, 9, EV 95.6 MPH)
|
|
Batting: RHB Lloyd McClendon
|
0-0: Ball 1-0: Called Strike 1-1: Ball 2-1: Swinging Strike 2-2: Strikes out swinging
|
| Bottom of the 8th over - 0 runs, 1 hit, 0 errors, 1 left on base; Detroit 3 - Kansas City 2 |
| TOP OF THE 9TH |
|
Detroit Tigers batting - Pitching for Kansas City Royals : LHP Frank Viola
|
|
Batting: RHB Rusty Tillman
|
0-0: TRIPLE (Line Drive, 9LD, EV 106.9 MPH)
|
|
Pitching: RHP Orel Hershiser
|
|
|
Batting: SHB Tony Phillips
|
0-0: Called Strike 0-1: Ball 1-1: Swinging Strike 1-2: Ball 2-2: Strikes out swinging
|
|
Batting: RHB Keith Moreland
|
0-0: Intentional Walk
|
|
Batting: RHB Larry Parrish
|
0-0: Ball 1-0: Ball 2-0: SINGLE (Line Drive, 56D, EV 96.3 MPH) Rusty Tillman scores Keith Moreland to second
|
|
Batting: LHB Greg Brock
|
0-0: Ball 1-0: Called Strike 1-1: Ball 2-1: Grounds out, U3 (Groundball, 3L, EV 98.1 MPH) Keith Moreland to third
|
|
Batting: RHB Andre Thornton
|
0-0: Ball 1-0: Ball 2-0: Called Strike 2-1: Ball 3-1: Base on Balls
|
|
Batting: RHB Rusty Kuntz
|
0-0: Called Strike 0-1: Foul Ball, location: 2F 0-2: Strikes out looking
|
| Top of the 9th over - 1 run, 2 hits, 0 errors, 3 left on base; Detroit 4 - Kansas City 2 |
| BOTTOM OF THE 9TH |
|
Kansas City Royals batting - Pitching for Detroit Tigers : RHP Santo Alcala
|
|
Now at 1B: William Young
|
|
|
Batting: RHB Jeffrey Leonard
|
0-0: Foul Ball, location: 2F 0-1: Ball 1-1: Ground out U3 (Groundball, 34, EV 104.4 MPH)
|
|
Batting: LHB Rick Manning
|
0-0: Ball 1-0: Fly out, F7 (Flyball, 7LS, EV 91.3 MPH)
|
|
Batting: LHB Alvin Davis
|
0-0: Ball 1-0: Swinging Strike 1-1: Fly out, F8 (Flyball, 8LM, EV 86.3 MPH)
|
| Bottom of the 9th over - 0 runs, 0 hits, 0 errors, 0 left on base; Detroit 4 - Kansas City 2 |
|